 Dungeon Crawl Stone Soup version 0.20-a0-435-gf4ea4dd (webtiles) character file.

5539 junb69 the Cruncher (level 10, -3/85 HPs)
             Began as a Demonspawn Gladiator on Jan 5, 2017.
             Was an Initiate of Ashenzari.
             Slain by an ogre
             ... wielding a +0 giant club
              (10 damage)
             ... on level 9 of the Dungeon.
             The game lasted 00:27:47 (12444 turns).

junb69 the Cruncher (Demonspawn Gladiator)         Turns: 12444, Time: 00:27:48

Health: -3/85      AC:  8    Str: 13 (15) XL:     10   Next: 43%
Magic:  10/10      EV: 13    Int: 11 (14) God:    Ashenzari [......]
Gold:   251        SH:  0    Dex: 15 (17) Spells: 9/9 levels left

rFire  + + .     SeeInvis .     a - +0 quarterstaff
rCold  . . .     Gourm    .     o - +0 ring mail {rF+}
rNeg   . . .     Faith    .     (shield currently unavailable)
rPois  .         Spirit   .     (helmet restricted)
rElec  .         Reflect  .     c - +2 cloak {MR+} (curse)
rCorr  .         Harm     .     (no gloves)
MR     +....                    (no boots)
Stlth  +.........               (no amulet)
                                (no ring)
                                (no ring)

@: no status effects
A: antennae 1, yellow scales 1, agile 1, clever 1, deformed body, fire
resistance 1, powered by death 1, powered by pain 2, subdued magic 1
a: Curse Item, Renounce Religion


You were on level 9 of the Dungeon.
You worshipped Ashenzari.
Ashenzari was noncommittal.
You were not hungry.

You visited 2 branches of the dungeon, and saw 10 of its levels.

You collected 530 gold pieces.
You spent 279 gold pieces at shops.

Inventory:

Hand Weapons
 a - a +0 quarterstaff (weapon)
Missiles
 d - a throwing net (quivered)
Armour
 c - a cursed +2 cloak of magic resistance (worn)
 o - a +0 ring mail of fire resistance (worn)
Wands
 g - a wand of flame (11/48)
 q - a wand of acid (0/15)
 u - a wand of iceblast (0/15)
 y - a wand of iceblast (6/15)
 z - a wand of iceblast (11/15)
 H - a wand of digging (6/24)
 J - a wand of polymorph (8/24)
Scrolls
 e - 2 scrolls of magic mapping
 h - 3 scrolls of amnesia
 i - 4 scrolls of remove curse
 l - 2 scrolls of teleportation
 m - a scroll of blinking
 p - 4 scrolls of fog
 t - a scroll of enchant armour
 A - a scroll of fear
 B - a scroll of immolation
Potions
 b - 2 potions of curing
 s - a potion of brilliance
Comestibles
 f - 9 bread rations
 j - 6 chunks of flesh
 r - 2 beef jerkies
 C - a royal jelly
 F - 3 meat rations


   Skills:
 - Level 9.8 Fighting
 - Level 10.0 Staves
 - Level 1.7 Throwing
 * Level 4.0 Armour
 * Level 5.0 Dodging


You had 9 spell levels left.
You didn't know any spells.

Dungeon Overview and Level Annotations

Branches:
Dungeon (9/15)             Temple (1/1) D:4
   Lair: D:8-11         Orc: D:9-12

Altars:
Ashenzari
Cheibriados
Dithmenos
Elyvilon
Fedhas
Gozag
Hepliaklqana
Kikubaaqudgha
Makhleb
Nemelex Xobeh
Okawaru
Qazlal
Sif Muna
Trog
Uskayaw
Vehumet
Xom
Yredelemnul
The Shining One

Shops:
D:7 [

Annotations:
D:5 Soeti's ghost, amateur DsMo
D:8 Graouh's ghost, journeyman MiFi


Innate Abilities, Weirdness & Mutations

You have a pair of small antennae on your head.
You are partially covered in yellow scales. (AC +2)
You regenerate a little health from kills.
You sometimes gain power by taking damage.
You are agile. (Dex +2)
Your mind is acute. (Int +2)
Armour fits poorly on your strangely shaped body.
Your flesh is heat resistant. (rF+)
Your spells are a little easier to cast, but a little less powerful.


Message History

The ogre is heavily wounded.
The ogre misses you.
Your ring mail prevents you from hitting the ogre.
The ogre is heavily wounded.
The ogre hits you with a giant club!
You hit the ogre.
The ogre is severely wounded.
Your ring mail prevents you from hitting the ogre.
The ogre is severely wounded.
The ogre hits you with a giant club!!
* * * LOW HITPOINT WARNING * * *
You hit the ogre but do no damage.
The ogre is severely wounded.
You hit the ogre.
The ogre is almost dead.
The ogre barely misses you.
You hit the ogre but do no damage.
The ogre is almost dead.
The ogre hits you with a giant club!
You die...

#.........#
######'#### .. ##
### #.. ..# #.#.
#O#.#####
#@#...#.#
#.###.#<#
.#######.......###
........)...)....#
#...........))...#
##.≈≈..≈≈.≈.≈....#
#....≈≈≈.≈.≈≈...#
#.≈≈≈≈≈≈.≈.≈≈≈..#
#...≈≈≈≈.≈≈≈≈≈..#


You could see an ogre.

Vanquished Creatures
  Maurice (D:8)
  Grinder (D:3)
  A troll (D:9)
  A spriggan (D:7)
  A steam dragon (D:7)
  The ghost of confidenceinterval the Insei, an amateur MfTm of Okawaru (D:3)
  Menkaure (D:5)
  Edmund (D:6)
  A water moccasin (D:8)
  A hell hound (D:9)
  2 ice beasts
  2 orc warriors
  3 ogres
  A sky beast (D:6)
  2 phantoms
  A wolf (D:9)
  4 centaurs (D:7)
  A big kobold (D:7)
  5 bullfrogs
  2 scorpions
  A killer bee (D:7)
  5 wights
  An electric eel (D:9)
  2 bullfrog zombies
  A centaur zombie (D:4)
  A crimson imp (D:5)
  7 orc priests
  2 bullfrog skeletons
  9 hounds
  3 jellies
  8 orc wizards
  A gnoll shaman (D:7)
  5 iguanas
  A centaur skeleton (D:4)
  Natasha (thrice) (D:2)
  8 worker ants
  A killer bee zombie (D:5)
  A hound skeleton (D:5)
  14 gnolls
  A howler monkey zombie (D:5)
  13 adders
  3 shadow imps
  2 oozes
  An adder zombie (D:6)
  5 worms
  A dart slug (D:2)
  7 leopard geckos
  38 orcs
  6 giant cockroaches
  8 goblins
  10 hobgoblins
  6 jackals
  12 kobolds
  6 quokkas
  9 bats
  5 frilled lizards
  A jackal skeleton (D:4)
  2 leopard gecko skeletons
  2 quokka skeletons
  5 rats
250 creatures vanquished.

Vanquished Creatures (others)
  6 fungi (D:6)
  A plant (D:6)
7 creatures vanquished.

Grand Total: 257 creatures vanquished

Notes
Turn   | Place    | Note
-------+----------+-------------------------------------------
     0 | D:1      | junb69 the Demonspawn Gladiator began the quest for the Orb.
     0 | D:1      | Reached XP level 1. HP: 16/16 MP: 1/1
   141 | D:1      | Reached skill level 3 in Staves
   236 | D:1      | Gained mutation: You sometimes gain a little power by taking damage. [demonic ancestry]
   236 | D:1      | Reached XP level 2. HP: 19/22 MP: 2/2
   923 | D:2      | Noticed Natasha
   931 | D:2      | Killed Natasha
   931 | D:2      | Reached skill level 4 in Staves
   931 | D:2      | Reached XP level 3. HP: 27/27 MP: 3/3
  1400 | D:2      | Found a bloodstained altar of Trog.
  1494 | D:2      | Noticed Natasha
  1502 | D:2      | Killed Natasha
  1502 | D:2      | Gained mutation: You are partially covered in yellow scales. (AC +2) [demonic ancestry]
  1502 | D:2      | Reached XP level 4. HP: 20/33 MP: 4/4
  1644 | D:2      | Noticed Natasha
  1653 | D:2      | Killed Natasha
  1701 | D:3      | Found a shimmering altar of Xom.
  1717 | D:3      | Reached skill level 5 in Staves
  1719 | D:3      | Noticed confidenceinterval's ghost (amateur MfTm)
  1965 | D:2      | Gained mutation: You regenerate a little health from kills. [demonic ancestry]
  1965 | D:2      | Reached XP level 5. HP: 24/38 MP: 5/5
  2255 | D:3      | Noticed Grinder
  2523 | D:3      | Paralysed by Grinder for 5 turns
  2535 | D:3      | Paralysed by Grinder for 6 turns
  2547 | D:3      | Killed Grinder
  2547 | D:3      | Reached skill level 6 in Staves
  2547 | D:3      | Reached XP level 6. HP: 22/44 MP: 6/6
  2827 | D:3      | Killed confidenceinterval's ghost
  2827 | D:3      | Reached skill level 7 in Staves
  2827 | D:3      | Gained mutation: You sometimes gain power by taking damage. [demonic ancestry]
  2827 | D:3      | Reached XP level 7. HP: 35/50 MP: 7/7
  3383 | D:4      | Reached skill level 8 in Staves
  3560 | D:4      | Found a deep blue altar of Sif Muna.
  3628 | D:4      | Found a staircase to the Ecumenical Temple.
  3640 | Temple   | Entered the Ecumenical Temple
  3750 | Temple   | Became a worshipper of Ashenzari the Shackled
  3980 | D:4      | Found a burning altar of Makhleb.
  3982 | D:4      | Found a snail-covered altar of Cheibriados.
  3986 | D:4      | Found a hide-covered altar of Uskayaw.
  4060 | D:5      | Entered Level 5 of the Dungeon
  4063 | D:5      | Noticed Soeti's ghost (amateur DsMo)
  4083 | D:5      | Noticed Menkaure
  5063 | D:5      | Killed Menkaure
  5063 | D:5      | Reached skill level 9 in Staves
  5063 | D:5      | Reached XP level 8. HP: 43/56 MP: 8/8
  6049 | D:6      | Reached skill level 10 in Staves
  6592 | D:6      | Reached skill level 5 in Fighting
  6765 | D:6      | Found a blossoming altar of Fedhas.
  6859 | D:6      | Noticed Edmund
  6921 | D:6      | Killed Edmund
  6921 | D:6      | Gained mutation: You have a pair of small antennae on your head. [demonic ancestry]
  6921 | D:6      | Reached XP level 9. HP: 24/69 MP: 9/9
  8309 | D:7      | Found Kiboib's Armour Boutique.
 10033 | D:8      | Noticed Maurice
 10065 | D:8      | Killed Maurice
 10065 | D:8      | Reached skill level 1 in Armour
 10065 | D:8      | Reached XP level 10. HP: 74/85 MP: 10/10
 10261 | D:7      | Bought a +2 cloak of magic resistance for 279 gold pieces
 10544 | D:8      | Noticed Graouh's ghost (journeyman MiFi)
 10950 | D:8      | Found a stormy altar of Qazlal.
 11961 | D:9      | Gained mutation: You are frail. (-10% HP) [potion of mutation]
 11961 | D:9      | Gained mutation: Armour fits poorly on your strangely shaped body. [potion of mutation]
 11961 | D:9      | Gained mutation: Your mind is acute. (Int +2) [potion of mutation]
 12311 | D:9      | Reached skill level 5 in Dodging
 12313 | D:9      | Gained mutation: Your spells are a little easier to cast, but a little less powerful. [potion of mutation]
 12313 | D:9      | Gained mutation: Your flesh is heat resistant. (rF+) [potion of mutation]
 12314 | D:9      | Gained mutation: You are agile. (Dex +2) [potion of mutation]
 12314 | D:9      | Lost mutation: You are frail. (-10% HP) [potion of mutation]
 12444 | D:9      | Slain by an ogre

Vault maps used:
D:1:      minmay_arrival_four_houses, hangedman_decor_opposing
D:2:      lightli_temple_of_fire, uniq_natasha
D:3:      lemuel_round_altar, first_bread, minivault_4, minmay_close_crescents,
          uniq_grinder
D:4:      minitemple, led_sif_pool, hangedman_minor_gate_pass
D:5:      uniq_menkaure
D:6:      kennysheep_big_flooded_room, fedhas_altar_3, uniq_edmund
D:7:      nicolae_whirlpool, serial_shops, nicolae_shop_trees, the_bakery
D:8:      grunt_qazlal_sundering, lightli_corner_chamber, uniq_maurice
D:9:      gammafunk_temple_overflow_elements, erik_lair_island, orc_0_dummy,
          centaur_isle
Temple:   minmay_temple_curvy_loop

Skill      XL: |  1  2  3  4  5  6  7  8  9 10 |
---------------+-------------------------------+-----
Staves         | 3 4 5 6 7 9 10 | 10.0
Fighting       | 5 9 |  9.8
Armour         | 1 4 |  4.0
Dodging        | 3 5 |  5.0
Throwing       | |  1.7

Action                   |  1- 3 |  4- 6 |  7- 9 | 10-12 || total
-------------------------+-------+-------+-------+-------++-------
Melee: Quarterstaff      |    87 |   142 |   812 |   285 ||  1326
Throw: Throwing net      |     1 |     1 |     1 |       ||     3
Invok: Curse Item        |       |       |     2 |     1 ||     3
Evoke: Wand              |       |     5 |     9 |     4 ||    18
  Use: Scroll            |       |       |    14 |     1 ||    15
       Potion            |       |       |     4 |     9 ||    13
 Stab: Sleeping          |     1 |       |       |       ||     1
  Eat: Chunk             |     1 |     5 |    20 |     4 ||    30
       Fruit             |       |       |     5 |     4 ||     9
Armor: Leather armour    |    15 |       |       |       ||    15
       Troll leather arm |     5 |       |       |       ||     5
       Ring mail         |     4 |    66 |   289 |    90 ||   449
Dodge: Dodged            |    52 |    97 |   365 |   150 ||   664
